 Dungeon Sprint DCSS version 0.29-a0-352-g0917bc69df (webtiles) character file.

Game seed: 11294751203805236099

692 mhtbhm the Cleaver (level 7, -9/77 HPs)
             Began as a Minotaur Berserker on Apr 23, 2022.
             Was a High Priest of Trog.
             Killed from afar by a gargoyle (15 damage)
             ... with a stone arrow
             ... in the Dungeon (Sprint IX: "|||||||||||||||||||||||||||||").
             The game lasted 00:00:27 (318 turns).

mhtbhm the Cleaver (Minotaur Berserker)              Turns: 318, Time: 00:00:27

Health: -9/77      AC: 13    Str: 24    XL:     7   Next: 36%
Magic:  6/6        EV:  8    Int:  4    God:    Trog [*****.]
Gold:   0          SH:  0    Dex:  9    Spells: 6/6 levels left

rFire   . . .      SeeInvis .   a - +3 war axe (vamp)
rCold   . . .      Faith    .   (no shield)
rNeg    . . .      Spirit   .   b - +0 plate armour
rPois   .          Reflect  .   (helmet restricted)
rElec   .          Harm     .   (no cloak)
rCorr   .          Rampage  .   (no gloves)
Will    .....      NoTele   +   (no boots)
Stlth   ..........              (no amulet)
HPRegen 0.22/turn               (no ring)
MPRegen 0.10/turn               (no ring)

@: on berserk cooldown, slowed, very slow
A: horns 2, retaliatory headbutt
a: Renounce Religion, Berserk, Trog's Hand, Brothers in Arms


You were in the Dungeon.
You worshipped Trog.
Trog was extremely pleased with you.
You visited 1 branch

Inventory:

Hand Weapons
 a - a +3 vampiric war axe (weapon)
Armour
 b - a +0 plate armour (worn)
Jewellery
 k - a +3 ring of dexterity
 l - a +2 ring of evasion
Wands
 j - a wand of iceblast (10)
Scrolls
 h - 2 scrolls of blinking
Potions
 c - 5 potions of curing
 d - 2 potions of heal wounds
 e - a potion of haste
 f - 4 potions of magic
 g - a potion of berserk rage
 i - a potion of invisibility


   Skills:
 + Level 12.0 Fighting
 + Level 12.6 Axes
 + Level 7.0 Armour
 + Level 6.6 Dodging
 + Level 0.4 Stealth


You had 6 spell levels left.
You didn't know any spells.
Your spell library was empty.

Dungeon Overview and Level Annotations

Branches:
Dungeon (1/1)

Altars:
Cheibriados
Dithmenos
Elyvilon
Fedhas
Gozag
Hepliaklqana
Kikubaaqudgha
Makhleb
Nemelex Xobeh
Okawaru
Qazlal
Ru
Sif Muna
Trog
Uskayaw
Vehumet
Wu Jian
Xom
Yredelemnul
Zin
The Shining One
Beogh
Jiyva
Lugonu


Innate Abilities, Weirdness & Mutations

You have a pair of horns on your head.
You reflexively headbutt those who attack you in melee.


Message History

You kill the orc warrior!
Trog accepts your kill.
Trog will now gift you melee weapons as you gain piety.
You are no longer berserk.
You are exhausted.
You feel yourself slow down.
Your Fighting skill increases to level 12!
Your Armour skill increases to level 7!
The gargoyle hurls a stone arrow at you.
The stone arrow hits you!! The gargoyle hits you with a +0 flail!
Things that are here:
a +0 short sword; a +0 plate armour Unknown command.
You hit the gargoyle.
The gargoyle is lightly damaged.
The gargoyle hits you with a +0 flail!
* * * LOW HITPOINT WARNING * * *
Unknown command.
You slash the gargoyle!
The gargoyle is heavily damaged.
The gargoyle hits you with a +0 flail!
* * * LOW HITPOINT WARNING * * *
The gargoyle closely misses you.
You hit the gargoyle.
The gargoyle is heavily damaged.
The gargoyle closely misses you. You furiously retaliate!
You headbutt the gargoyle.
Unknown command.
You feel much better. The gargoyle hits you with a +0 flail!
* * * LOW HITPOINT WARNING * * *
Unknown command.
You hit the gargoyle but do no damage.
You headbutt the gargoyle, but do no damage.
The gargoyle is heavily damaged.
The gargoyle hurls a stone arrow at you.
The stone arrow hits you!
* * * LOW HITPOINT WARNING * * *
The gargoyle hurls a stone arrow at you.
The stone arrow hits you!
You die... ▓▓▓▓▓▓▓▓▓▓▓▓▓▓▓▓▓▓▓▓▓▓▓ _____'.?).[[[..)@9....+ ▓▓▓▓▓▓▓▓▓▓▓▓▓▓▓▓▓▓▓▓▓▓▓

You could see a gargoyle.

Vanquished Creatures
  A vampire (D)
  A wyvern (D)
  An acid dragon (D)
  An ice beast (D)
  An orc warrior (D)
  A centaur (D)
  An iguana (D)
  A dart slug (D)
  2 orcs (D)
  A hobgoblin (D)
  A quokka (D)
  A ball python (D)
  A frilled lizard (D)
  A rat (D)
15 creatures vanquished.

Notes
Turn   | Place    | Note
-------+----------+-------------------------------------------
     0 | D        | mhtbhm the Minotaur Berserker began the quest for the Orb.
     0 | D        | Reached XP level 1. HP: 19/19 MP: 0/0
     8 | D        | Reached ** piety under Trog
    54 | D        | Noticed an ice beast
    54 | D        | Noticed an iguana
    64 | D        | Killed an ice beast
    64 | D        | Reached *** piety under Trog
    65 | D        | Reached XP level 2. HP: 20/34 MP: 1/1
    65 | D        | Reached XP level 3. HP: 23/39 MP: 2/2
    65 | D        | Reached XP level 4. HP: 28/47 MP: 3/3
   170 | D        | Found a snail-covered altar of Cheibriados.
   170 | D        | Found a shadowy altar of Dithmenos.
   170 | D        | Found a white marble altar of Elyvilon.
   170 | D        | Found a blossoming altar of Fedhas.
   170 | D        | Found an opulent altar of Gozag.
   171 | D        | Found a hazy altar of Hepliaklqana.
   172 | D        | Found a viscous altar of Jiyva.
   173 | D        | Found an ancient bone altar of Kikubaaqudgha.
   174 | D        | Found a corrupted altar of Lugonu.
   175 | D        | Found a burning altar of Makhleb.
   176 | D        | Found a sparkling altar of Nemelex Xobeh.
   177 | D        | Found an iron altar of Okawaru.
   178 | D        | Found a stormy altar of Qazlal.
   179 | D        | Found a sacrificial altar of Ru.
   180 | D        | Found a shimmering blue altar of Sif Muna.
   181 | D        | Found a bloodstained altar of Trog.
   182 | D        | Found a hide-covered altar of Uskayaw.
   183 | D        | Found a radiant altar of Vehumet.
   184 | D        | Found an ornate altar of the Wu Jian Council.
   185 | D        | Found a shimmering altar of Xom.
   186 | D        | Found a basalt altar of Yredelemnul.
   187 | D        | Found a glowing silver altar of Zin.
   188 | D        | Found a glowing golden altar of the Shining One.
   292 | D        | Noticed a vampire
   292 | D        | Noticed a centaur
   292 | D        | Noticed a wyvern
   292 | D        | Noticed an acid dragon
   292 | D        | Noticed an orc warrior
   292 | D        | Noticed a gargoyle
   299 | D        | Killed a vampire
   299 | D        | Reached **** piety under Trog
   300 | D        | Reached skill level 10 in Axes
   300 | D        | Reached skill level 5 in Armour
   300 | D        | Reached skill level 5 in Dodging
   300 | D        | Reached XP level 5. HP: 58/58 MP: 4/4
   300 | D        | Reached XP level 6. HP: 66/66 MP: 5/5
   302 | D        | Reached skill level 10 in Fighting
   306 | D        | Killed a wyvern
   308 | D        | Killed an acid dragon
   309 | D        | Reached XP level 7. HP: 75/75 MP: 6/6
   312 | D        | Reached ***** piety under Trog
   318 | D        | Killed from afar by a gargoyle

Illustrated notes

Levels and vault maps discovered:
D:        linesprint [early_d, line_temple, items_1, d_10, items_2, lair_1,
          lair_end, items_3, orc_1, orc_end, items_4, d_15, swamp_1, shoals_1,
          snake_1, spider_1, d_20, vaults_1, items_5, swamp_end, shoals_end,
          snake_end, spider_end, vaults_end, d_27, items_6, zot_1, zot_end,
          crypt_end, forest_end, elf_end, slime_end, tomb_end, abyss_end,
          pan_hell_end]

Skill      XL: |  1  2  3  4  5  6  7 |
---------------+----------------------+-----
Fighting       | 7 9 11 12 | 12.0
Axes           | 7 10 12 | 12.6
Armour         | 4 5 6 7 |  7.0
Dodging        | 3 5 6 |  6.6
Stealth        | |  0.4

Action                   |  1- 3 |  4- 6 |  7- 9 || total
-------------------------+-------+-------+-------++-------
Melee: Hand axe          |    15 |     9 |       ||    24
       Headbutt          |     1 |     3 |     1 ||     5
       War axe           |       |    15 |     7 ||    22
       Punch             |       |       |     1 ||     1
Invok: Berserk           |     1 |     1 |       ||     2
  Use: Potion            |       |       |     1 ||     1
Armor: Animal skin       |     2 |       |       ||     2
       Plate armour      |       |     6 |       ||     6
Dodge: Dodged            |     6 |     5 |     4 ||    15

Table legend: (Time is in decaauts)
 A = Elapsed time spent in this place.
 B = Non-inter-level travel time spent in this place.
 C = Inter-level travel time spent in this place.
 D = Time resting spent in this place.
 E = Time spent auto-exploring this place.
 F = Levels seen in this place.
 G = Mean time per level.
                   A        B        C        D        E       F      G
               +--------+--------+--------+--------+--------+-----+--------+
         Total |    322 |    322 |      0 |    201 |      3 |   1 |  322.0 |
       Dungeon |    322 |    322 |      0 |    201 |      3 |   1 |  322.0 |
               +--------+--------+--------+--------+--------+-----+--------+

Top non-repeatable levels by time:
       D: 322 daAuts
